 Dungeon Crawl Stone Soup version 0.17.1-1-g73c8601 (webtiles) character file.

198 sirjcollins the Slinger (level 6, 0/39 HPs)
             Began as a Halfling Hunter on Jan 9, 2016.
             Killed by divine providence
             ... invoked by an orc priest
              (8 damage)
             ... on level 4 of the Dungeon.
             The game lasted 00:31:38 (3560 turns).

sirjcollins the Slinger (Halfling Hunter)           Turns: 3560, Time: 00:31:38

Health: 0/39       AC:  4    Str: 12    XL:     6   Next: 6%
Magic:  6/6        EV: 15    Int: 10    God:
Gold:   151        SH:  0    Dex: 17    Spells: 0 memorised, 5 levels left

rFire  . . .     SeeInvis .     a - +3 hunting sling
rCold  . . .     Clarity  .     c - +0 leather armour
rNeg   . . .     SustAt   .     (shield restricted)
rPois  .         Gourm    .     (no helmet)
rElec  .         Spirit   .     (no cloak)
rCorr  .         Warding  .     r - +0 pair of gloves
rMut   .         Stasis   .     (no boots)
MR     .....                    (no amulet)
Stlth  ++........               (no ring)
                                (no ring)

@: not resistant to hostile enchantments, unstealthy
A: mutation resistance 1
a: no special abilities


You were on level 4 of the Dungeon.
You were not hungry.

You visited 1 branch of the dungeon, and saw 4 of its levels.

You collected 151 gold pieces.

Inventory:

Hand Weapons
 a - a +3 hunting sling (weapon)
 b - a +0 short sword
 s - a +1 dagger of freezing
 u - a +0 club
 v - a +0 trident
 y - a +0 dagger of freezing
Missiles
 d - 36 sling bullets (quivered)
 f - 90 stones
 k - 29 arrows
 p - 18 poisoned needles
Armour
 c - a +0 leather armour (worn)
 r - a +0 pair of gloves (worn)
Wands
 h - a wand of frost (15)
 t - a wand of confusion (20)
Scrolls
 m - a scroll of amnesia
 B - a scroll of recharging
Potions
 g - a potion of brilliance {unknown}
 i - 2 potions of might
 l - 2 potions of flight
 n - 2 potions of heal wounds {unknown}
 o - a potion of curing {unknown}
 w - a potion of haste {unknown}
 A - a potion of invisibility {unknown}
 C - a potion of ambrosia {unknown}
Comestibles
 e - 4 bread rations
 j - a meat ration
 x - a beef jerky
 z - a royal jelly


   Skills:
 + Level 2.0 Fighting
 + Level 8.7 Slings
 + Level 2.1 Armour
 + Level 2.4 Dodging
 + Level 2.0 Stealth


You had 5 spell levels left.
You didn't know any spells.

Dungeon Overview and Level Annotations

Branches:
Dungeon (4/15)
 Temple: D:4-7

Altars:
Makhleb
Okawaru


Innate Abilities, Weirdness & Mutations

You are small and have problems with some larger weapons.
You are somewhat resistant to further mutation.


Message History

Aim: an orc wizard, wielding a dagger and wearing a runed robe (lightly wounded)
You shoot a sling bullet.
The orc priest mumbles some strange prayers to Beogh against you.
Pain shoots through your body!
You completely miss the orc wizard.
The orc wizard is lightly wounded.
The orc wizard hits you but does no damage.
The orc wizard hits you with a dagger.
A jackal comes into view.
You're too confused to move!
The jackal barks!
The orc priest invokes the aid of Beogh against you.
Pain shoots through your body!
* * * LOW HITPOINT WARNING * * *
The orc wizard hits you with a dagger.
* * * LOW HITPOINT WARNING * * *
You feel less confused.
The orc priest mumbles some strange prayers to Beogh against you.
Something smites you!
You die...

..# #.# ..# #.#.### ..+
#h#...# ..# #.###.# ###
.# #.# #.# # .. #.# #.#
# #. #.# #.# #
#.###(###.# #
..##o(@..# # #.##o#####
###########.##o########
.............(........#
.###########.#.######.#
.# .............#.# .#
###.#......#.# .#
#....#####.### .#
##...# #.)...#


You could see an orc priest and an orc wizard.

Vanquished Creatures
  An orc priest (D:4)
  A worker ant (D:4)
  3 gnolls (D:3)
  4 adders (D:3)
  A worm (D:2)
  16 orcs
  9 hobgoblins
  10 jackals
  4 kobolds
  3 bats
  3 giant cockroaches (D:3)
  A giant gecko (D:4)
  5 giant newts
  6 goblins
  A rat (D:3)
68 creatures vanquished.

Notes
Turn   | Place    | Note
--------------------------------------------------------------
     0 | D:1      | sirjcollins the Halfling Hunter began the quest for the Orb.
     0 | D:1      | Reached XP level 1. HP: 14/14 MP: 1/1
   432 | D:1      | Reached skill level 6 in Slings
   639 | D:1      | Reached XP level 2. HP: 19/19 MP: 2/2
  1219 | D:2      | Reached XP level 3. HP: 24/24 MP: 3/3
  1901 | D:3      | Reached skill level 7 in Slings
  1997 | D:3      | Reached XP level 4. HP: 24/29 MP: 4/4
  2345 | D:3      | Reached skill level 1 in Armour
  2580 | D:3      | Found a faded altar to an unknown god.
  2622 | D:3      | Reached XP level 5. HP: 30/34 MP: 5/5
  2755 | D:3      | Reached skill level 8 in Slings
  2840 | D:3      | Found an iron altar of Okawaru.
  2852 | D:3      | Found a burning altar of Makhleb.
  3550 | D:4      | Reached XP level 6. HP: 39/39 MP: 6/6
  3560 | D:4      | Killed from afar by an orc priest

Action                   |  1- 3 |  4- 6 || total
-------------------------+-------+-------++-------
Melee: Hunting sling     |       |     1 ||     1
 Fire: Hunting sling     |    72 |    91 ||   163
  Use: Scroll            |     7 |     2 ||     9
  Eat: Meat ration       |     1 |     1 ||     2
